 Dungeon Crawl Stone Soup version 0.28.0-43-g3370ac3207 (webtiles) character file.

Game seed: 9358248533213747776

31 crimpus the Skirmisher (level 3, 0/49 HPs)
             Began as a Minotaur Berserker on Mar 7, 2022.
             Was a Believer of Trog.
             Slain by an orc
             ... wielding a +0 club
              (4 damage)
             ... on level 3 of the Dungeon.
             The game lasted 00:01:24 (1223 turns).

crimpus the Skirmisher (Minotaur Berserker)         Turns: 1223, Time: 00:01:24

Health: 0/49       AC:  2    Str: 23    XL:     3   Next: 7%
Magic:  2/2        EV: 12    Int:  4    God:    Trog [**....]
Gold:   38         SH:  0    Dex:  9    Spells: 2/2 levels left

rFire   + . .      SeeInvis .   a - +0 mace
rCold   + . .      Faith    .   (no shield)
rNeg    . . .      Spirit   .   b - +0 animal skin
rPois   +          Reflect  .   (helmet restricted)
rElec   +          Harm     .   (no cloak)
rCorr   +          Rampage  .   (no gloves)
Will    .....                   (no boots)
Stlth   ..........              (no amulet)
HPRegen 0.16/turn               (no ring)
MPRegen 0.08/turn               (no ring)

@: berserking (expiring), resistant, very quick
A: horns 2, retaliatory headbutt
a: Renounce Religion, Berserk, Trog's Hand


You were on level 3 of the Dungeon.
You worshipped Trog.
Trog was pleased with you.
You visited 1 branch of the dungeon, and saw 3 of its levels.

You collected 38 gold pieces.

Inventory:

Hand Weapons
 a - a +0 mace (weapon)
Armour
 b - a +0 animal skin (worn)
Scrolls
 d - a scroll of noise {unknown}
 e - a scroll of identify {unknown}
Potions
 c - a potion of resistance


   Skills:
 + Level 4.3 Fighting
 + Level 4.3 Maces & Flails
 + Level 2.7 Armour
 + Level 2.3 Dodging


You had 2 spell levels left.
You didn't know any spells.
Your spell library was empty.

Dungeon Overview and Level Annotations

Branches:
Dungeon (2/15)

Altars:


Innate Abilities, Weirdness & Mutations

You have a pair of horns on your head.
You reflexively headbutt those who attack you in melee.


Message History

You barely miss the orc.
The orc hits you with a +1 vorpal flail.
The orc hits you with a +0 club. The orc barely misses you.
The orc closely misses you.
You barely miss the orc. The orc closely misses you. The orc barely misses you.
The orc hits you with a +1 vorpal flail!
* * * LOW HITPOINT WARNING * * *
The orc hits you with a +0 club.
* * * LOW HITPOINT WARNING * * *
The orc hits you with a +0 dagger.
* * * LOW HITPOINT WARNING * * *
It was a potion of resistance.
You feel protected. The orc barely misses you.
A red film seems to cover your vision as you go berserk!
You feel yourself moving faster!
You feel mighty! The orc barely misses you.
You barely miss the orc. You headbutt the orc.
The orc is heavily wounded.
The orc barely misses you.
You barely miss the orc. Your headbutt misses the orc.
The orc is heavily wounded.
The orc misses you.
You barely miss the orc. You headbutt the orc.
You kill the orc!
Trog accepts your kill.
You have reached level 3!
Your experience leads to an increase in your attributes!
Increase (S)trength, (I)ntelligence, or (D)exterity?
You feel stronger. x2
You sock the orc!
You kill the orc!
Trog accepts your kill.
You barely miss the orc. The orc hits you with a +0 club.
* * * LOW HITPOINT WARNING * * *
You hit the orc. You headbutt the orc.
The orc is severely wounded.
You closely miss the orc. Your headbutt misses the orc.
The orc is severely wounded.
The orc hits you with a +0 club.
You die...

###. ... ##.. ###
#... ....##.#.## #
###.... ..# .#
......)##.##.#
......oo@....##......
.......###.###......#
.##.### #.###......#
.. #..##......# .
##.##......#
#..#......#
##.#......#
#........# ##.......#


You could see 2 orcs.

Vanquished Creatures
  A dart slug (D:1)
  3 orcs (D:3)
  An endoplasm (D:1)
  A goblin (D:1)
  3 hobgoblins
  5 kobolds (D:1)
  5 ball pythons (D:1)
  3 bats (D:1)
  3 frilled lizards (D:1)
25 creatures vanquished.

Notes
Turn   | Place    | Note
-------+----------+-------------------------------------------
     0 | D:1      | crimpus the Minotaur Berserker began the quest for the Orb.
     0 | D:1      | Reached XP level 1. HP: 19/19 MP: 0/0
   206 | D:1      | Reached XP level 2. HP: 26/27 MP: 1/1
   224 | D:1      | Found a faded altar of an unknown god.
   563 | D:1      | Reached ** piety under Trog
  1190 | D:2      | You fall into a shaft and drop 1 floor!
  1220 | D:3      | Reached XP level 3. HP: 6/33 MP: 2/2
  1223 | D:3      | Slain by an orc

Illustrated notes

Levels and vault maps discovered:
D:1:      kilobyte_arrival_exit_the_forest, layout_basic,
          hellmonk_ecumenical_altar_blasted, kennysheep_nondescript
D:2:      layout_rooms, serial_shops, nicolae_shop_competitors_out_of_business,
          minmay_joined_circles
D:3:      layout_basic, serial_shops, nicolae_shop_bloodbath_and_beyond,
          small_statue_intersection, uniq_sigmund

Skill      XL: |  1  2 |
---------------+-------+-----
Fighting       | 4 |  4.3
Maces & Flails | 4 |  4.3
Armour         | |  2.7
Dodging        | |  2.3

Action                   || total
-------------------------++-------
Melee: Mace              ||    46
       Headbutt          ||     5
       Punch             ||     1
Invok: Berserk           ||     1
  Use: Potion            ||     1
Armor: Animal skin       ||     7
Dodge: Dodged            ||    40
